 Dungeon Crawl Stone Soup version 0.19.1 (webtiles) character file.

933005 bmwyatt74 the Swordmaster (level 27, -8/286 HPs)
             Began as a Minotaur Fighter on Dec 6, 2016.
             Was an Initiate of Jiyva.
             Killed by divine providence
             ... invoked by a daeva
             ... summoned by the player character
              (11 damage)
             ... on level 3 of the Abyss on Dec 7, 2016.
             The game lasted 10:41:59 (100741 turns).

bmwyatt74 the Swordmaster (Minotaur Fighter)      Turns: 100741, Time: 10:42:00

Health: -8/286     AC: 43    Str: 37    XL:     27
Magic:  5/25       EV: 24    Int:  7    God:    Jiyva [......]
Gold:   5543       SH:  4    Dex: 15    Spells: 6 memorised, 6 levels left

rFire  + + +     SeeInvis +     U - +9 triple sword (holy)
rCold  + + +     Gourm    .     V - +7 crystal plate armour of Sunlight {rElec}
rNeg   + + +     Faith    +     (shield currently unavailable)
rPois  +         Spirit   .     s - +0 mask of the Dragon {MR+ Slay+3 SInv}
rElec  +         Reflect  .     I - +2 cloak of Zubaer {rN+ Int+4 Dex+4}
rCorr  +         Harm     .     v - +2 pair of gloves {Str+3}
MR     +++..     Rnd*Rage +     B - +2 pair of boots {Fly}
Stlth  .......... NoTele   +    P - amulet of Xom's Entertainment {Faith -Tele rPois rF++}
                                i - ring of the Gloaming {rCorr rN++ Dex+4 SInv Stlth+}
                                z - ring "Ushuam" {rPois rC++ rN+ Dex-2 Stlth-}

@: mighty, berserking, liquid flames, resistant, flying, very slightly
contaminated, non-regenerating, mildly diseased, hasted, glowing, very quick
A: retaliatory headbutt, horns 2, large bone plates 1, berserk 1, blurry vision
3, clumsy 1, deformed body, deterioration 2, dopey 1, frail 3, low mp 2, sense
surroundings 1, screaming 1, weak 2, no device heal 2, subdued magic 3,
MP-powered wands
a: Renounce Religion, Stop Flying
}: 3/15 runes: serpentine, barnacled, silver


You were on level 3 of the Abyss.
You worshipped Jiyva.
Jiyva was noncommittal.
You were hungry.

You visited 10 branches of the dungeon, and saw 48 of its levels.
You visited the Abyss 10 times.
You visited 1 bazaar.
You also visited: Trove, Ice Cave and Desolation.

You collected 11211 gold pieces.
You spent 5668 gold pieces at shops.

Inventory:

Hand Weapons
 o - the +6 triple sword "Gidase" {freeze, rC+ MR- Int+4 Dex+7}
   (Okawaru gifted it to you on level 2 of the Elven Halls)

   It has been specially enchanted to freeze those struck by it, causing extra
   injury to most foes and up to half again as much damage against particularly
   susceptible opponents.
   It can also slow down cold-blooded creatures.
   It affects your intelligence (+4).
   It affects your dexterity (+7).
   It protects you from cold.
   It affects your resistance to hostile enchantments.
 J - the +5 arbalest of Uwoibber {speed, rC++ Str-4}
   (Okawaru gifted it to you on level 15 of the Dungeon)

   Attacks with this weapon are significantly faster.
   It affects your strength (-4).
   It greatly protects you from cold.
 U - a +9 triple sword of holy wrath (weapon)
Armour
 d - the +5 plate armour "Ulemez" {rF+ MR+ Str+2 Dex-5}
   (Okawaru gifted it to you on level 4 of the Shoals)

   It affects your strength (+2).
   It affects your dexterity (-5).
   It protects you from fire.
   It affects your resistance to hostile enchantments.
 m - a +2 plate armour of cold resistance
 s - the +0 mask of the Dragon (worn) {MR+ Slay+3 SInv}
   (You bought it in a shop on level 1 of the Shoals)

   It affects your accuracy and damage with ranged weapons and melee attacks
   (+3).
   It affects your resistance to hostile enchantments.
   It lets you see invisible.
 v - a +2 pair of gloves of strength (worn)
 B - a +2 pair of boots of flying (worn)
 I - the +2 cloak of Zubaer (worn) {rN+ Int+4 Dex+4}
   (You found it on level 4 of the Shoals)

   It affects your intelligence (+4).
   It affects your dexterity (+4).
   It protects you from negative energy.
 V - the +7 crystal plate armour of Sunlight (worn) {rElec}
   (Okawaru gifted it to you on level 13 of the Dungeon)

   It insulates you from electricity.
 Y - a +2 pair of boots
Jewellery
 h - the amulet of the Gastropod {Faith MR+ Str+4}
   (You took it off a deep elf master archer on level 3 of the Elven Halls)

   [amulet of faith]

   It allows you to gain divine favour quickly.
   It affects your strength (+4).
   It affects your resistance to hostile enchantments.
 i - the ring of the Gloaming (right hand) {rCorr rN++ Dex+4 SInv Stlth+}
   (You bought it in a shop in a bazaar)

   [ring of resist corrosion]

   It affects your dexterity (+4).
   It greatly protects you from negative energy.
   It lets you see invisible.
   It makes you more stealthy.
 z - the ring "Ushuam" (left hand) {rPois rC++ rN+ Dex-2 Stlth-}
   (You bought it in a shop on level 9 of the Dungeon)

   [ring of loudness]

   It affects your dexterity (-2).
   It greatly protects you from cold.
   It protects you from poison.
   It protects you from negative energy.
   It makes you less stealthy.
 K - the ring of Propriety {rF++ SInv}
   (You found it on level 1 of the Abyss)

   [ring of see invisible]

   It greatly protects you from fire.
   It lets you see invisible.
 P - the amulet of Xom's Entertainment (around neck) {Faith -Tele rPois rF++}
   (You took it off a yaktaur on level 5 of the Vaults)

   [amulet of faith]

   It allows you to gain divine favour quickly.
   It greatly protects you from fire.
   It protects you from poison.
   It prevents most forms of teleportation.
 S - the ring "Kaphed" {Int+2 Stlth+}
   (You took it off an iron imp on level 1 of the Abyss)

   [ring of stealth]

   It affects your intelligence (+2).
   It makes you more stealthy.
 X - the ring of the Swan {Fire rElec rPois Str+4 Dex+3}
   (You found it on level 5 of the Vaults)

   [ring of fire]

   It enhances your fire magic.
   It affects your strength (+4).
   It affects your dexterity (+3).
   It protects you from fire.
   It makes you vulnerable to cold.
   It insulates you from electricity.
   It protects you from poison.
Wands
 a - a wand of teleportation (5/9)
 q - a wand of teleportation (8/9)
 D - a wand of hasting (3/9)
Scrolls
 b - 27 scrolls of identify
 e - 5 scrolls of enchant armour
 g - 7 scrolls of blinking
 p - 10 scrolls of recharging
 t - a scroll of brand weapon
 y - 3 scrolls of enchant weapon
 C - 11 scrolls of fear
 E - 8 scrolls of fog
 H - 29 scrolls of remove curse
 L - 13 scrolls of magic mapping
 N - 4 scrolls of holy word
 R - 12 scrolls of amnesia
 T - 21 scrolls of teleportation
Potions
 c - 4 potions of might
 j - 40 potions of curing
 x - 4 potions of invisibility
 A - 7 potions of haste
 F - 6 potions of agility
 G - 9 potions of heal wounds
 M - a potion of magic
 O - 4 potions of ambrosia
 Q - a potion of beneficial mutation
 W - 6 potions of cancellation
Comestibles
 f - 39 bread rations
 l - 41 meat rations


   Skills:
 O Level 27 Fighting
 O Level 27 Long Blades
 - Level 0.2 Crossbows
 - Level 2.7 Throwing
 O Level 27 Armour
 O Level 27 Dodging
 - Level 2.1 Stealth
   Level 3.6 Shields
 - Level 2.8 Unarmed Combat
 - Level 1.9 Spellcasting
 - Level 2.9 Charms
   Level 3.0 Necromancy
 - Level 10.3 Translocations
 + Level 25.5 Air Magic
   Level 13.6 Invocations
 - Level 1.3 Evocations


You had 6 spell levels left.
You knew the following spells:

 Your Spells              Type           Power        Failure   Level  Hunger
a - Deflect Missiles      Chrm/Air       ##........   63%         6    #######
b - Repel Missiles        Chrm/Air       ##....       1%          2    ###....
c - Blink                 Tloc           N/A          1%          2    ###....
d - Shroud of Golubria    Chrm/Tloc      #.........   10%         2    ###....
e - Song of Slaying       Chrm           #.......     69%         2    ###....
f - Tornado               Air            ###.......   100%        9    #######


Dungeon Overview and Level Annotations

Branches:
Dungeon (15/15)            Temple (1/1) D:7            Lair (6/6) D:9
 Shoals (4/4) Lair:3        Snake (4/4) Lair:4        Slime (0/5) Lair:5
    Orc (2/2) D:12            Elf (3/3) Orc:2        Vaults (5/5) D:13
  Crypt (3/3) Vaults:3       Tomb (0/3) Crypt:3      Depths (5/5) D:15
    Zot (0/5) Depths:5

Altars:
Ashenzari
Cheibriados
Dithmenos
Elyvilon
Fedhas
Gozag
Hepliaklqana
Kikubaaqudgha
Makhleb
Nemelex Xobeh
Okawaru
Qazlal
Ru
Sif Muna
Trog
Uskayaw
Vehumet
Xom
Yredelemnul
Zin
The Shining One

Shops:
D:3 *   D:9 =   D:14 :   Orc:2 [*(=   Elf:1 !   Shoals:1 [*([[   Depths:1 [

Portals:
Hell: Depths:1 Depths:2 Depths:3 Depths:4 Depths:5
Abyss: Depths:4
Pandemonium: Depths:3 Depths:5
Ziggurat: Depths:3


Innate Abilities, Weirdness & Mutations

You reflexively headbutt those who attack you in melee.
You have a pair of horns on your head.
You are partially covered in large bone plates. (SH +4)
You tend to lose your temper in combat.
Scrolls take you much longer to read.
You are clumsy. (Dex -2)
Armour fits poorly on your strangely shaped body.
Your body often deteriorates upon taking damage.
You are dopey. (Int -2)
You are extremely frail. (-30% HP)
Your magical capacity is very low. (-20% MP)
You passively map a small area around you.
You occasionally shout uncontrollably at your foes.
You are very weak. (Str -4)
Potions and wands are poor at restoring your health.
Your spells are much easier to cast, but much less powerful.
You expend magic power (3 MP) to strengthen your wands.


Message History

You are covered in liquid flames!
You are too injured to fight recklessly!
The daeva blocks your attack.
You headbutt the daeva, but do no damage.
The daeva is moderately wounded.
You are covered in liquid flames!
The daeva hits you but does no damage.
The daeva hits you with a scimitar of holy wrath.
* * * LOW HITPOINT WARNING * * *
You open the daeva like a pillowcase!!! You headbutt the daeva!
The daeva is severely wounded.
You are covered in liquid flames!
Unknown command.
Press < or > to pray at altars.
You slice the daeva!! Your headbutt misses the daeva.
The daeva is almost dead.
You are covered in liquid flames!
The daeva calls down the wrath of the Shining One upon you.
The Shining One smites you!
You die...

# # . # # #..#
.. # # # #
.##.###.# # .#
.. ...#. ###
#.# # . .§
####...#.#####
#...#..#.# #
#.#.....#.. .#
#.§@§# #.###
.. #.A........
#....#.#.#...
#...#.#...# .
. #.#.....####
#...#.#..# .
#.##. ###. . #
... ..# . § #


You could see a daeva.

Vanquished Creatures
  Mennas (Depths:3)
  Mara (Depths:1)
  4 ancient liches
  2 juggernauts
  Boris (Crypt:1)
  Sojobo (Depths:3)
  Frederick (Crypt:1)
  Saint Roka (Depths:2)
  Bai Suzhen (Depths:3)
  266 large abominations
  A curse toe (Crypt:3)
  The ghost of Endobalistic the Spry, a veteran HuMo of Hepliaklqana (Depths:2)
  2 golden dragons (Vaults:5)
  29 bone dragons
  7 profane servitors
  Jory (Depths:3)
  Jorgrun (Shoals:3)
  2 hellephants
  4 Hell Sentinels (Abyss:1)
  3 tentacled monstrosities
  21 titans
  Asterion (Elf:2)
  5 quicksilver dragons
  14 deep elf blademasters
  15 liches
  7 deep elf master archers
  9 Executioners
  Gastronok (Orc:1)
  3 sphinxes
  Polyphemus (Shoals:2)
  3 storm dragons
  Kirke (D:15)
  A draconian monk (Abyss:2)
  104 tentacled starspawn
  11 ancient champions
  9 shadow dragons
  4 daevas (Abyss:1)
  9 nagarajas
  Roxanne (Snake:2)
  6 tengu reavers
  An iron dragon (Depths:5)
  5 revenants
  Ilsuiw (Shoals:4)
  24 fire giants
  2 draconian zealots
  8 cacodemons
  29 frost giants
  6 balrugs (Abyss:1)
  An imperial myrmidon (Desolation)
  11 deep elf sorcerers
  Aizul (Vaults:4)
  3 orc warlords
  A ghost moth (shapeshifter) (Vaults:5)
  3 draconian knights
  3 curse skulls
  2 draconian scorchers
  9 ghouls
  13 vault wardens
  Louise (Shoals:3)
  3 deep elf elementalists
  2 ophanim
  A draconian annihilator (Abyss:2)
  6 angels
  13 ironheart preservers
  65 very ugly things
  A stone giant (shapeshifter) (Vaults:5)
  6 war gargoyles (Vaults:5)
  8 reapers
  2 entropy weavers
  38 stone giants
  3 draconian callers
  6 vampire knights
  The ghost of Alethiolet the Blocker, a journeyman DsMo of Ashenzari (Elf:2)
  The ghost of Yackwabbit the Fencer, a journeyman MiFi of Okawaru (D:14)
  3 yellow draconians
  Azrael (Snake:2)
  4 red draconians
  9 deep elf annihilators
  9 deep elf demonologists
  2 purple draconians (Abyss:1)
  4 green draconians
  12 lorocyprocas
  13 spark wasps
  2 black draconians
  5 dire elephants (Lair:6)
  2 mottled draconians
  2 halazid warlocks (Desolation)
  4 white draconians
  4 crystal guardians
  13 deep elf death magi
  8 blizzard demons
  A minotaur (Depths:3)
  The ghost of anubisbafoobis the Cleaver, a journeyman DsBe of Trog (Orc:2)
  11 eidola
  2 mummy priests (Crypt:3)
  31 ettins
  Josephine (Orc:1)
  5 ragged hierophants (Desolation)
  A quicksilver dragon zombie (Abyss:1)
  21 yaktaur captains
  7 jiangshi
  4 deep elf high priests
  9 green deaths
  7 merfolk javelineers
  17 fire dragons
  10 merfolk impalers
  Fannar (Lair:3)
  25 great orbs of eyes
  14 naga warriors
  16 ogre magi
  27 rakshasas
  2 quicksilver dragon skeletons
  A monstrous demonspawn (Depths:5)
  9 peacekeepers (Desolation)
  5 servants of whispers (Desolation)
  8 ice dragons
  21 anacondas
  9 centaur warriors
  36 vault guards
  An anaconda (shapeshifter) (Vaults:5)
  3 merfolk avatars
  A spriggan air mage (Depths:3)
  5 merfolk aquamancers
  3 hydras
  3 catoblepae
  29 dancing weapons
  4 satyrs
  9 death knights
  11 death yaks
  A queen ant (shapeshifter) (Abyss:1)
  6 tengu warriors
  96 thrashing horrors
  9 deep troll earth magi
  16 deep troll shamans
  14 hell hogs (Abyss:1)
  Urug (Lair:2)
  3 orc high priests (Orc:2)
  9 vampire magi
  2 titan zombies (Depths:2)
  4 spriggan berserkers
  14 hell knights
  15 naga sharpshooters
  5 soul eaters
  7 sun demons
  10 shock serpents
  26 deep elf knights
  Sonja (Lair:2)
  A fire crab (shapeshifter) (Vaults:2)
  2 storm dragon zombies (Abyss:1)
  29 skeletal warriors
  A titan skeleton (Abyss:1)
  17 shadow wraiths
  75 wretched stars
  9 salamander mystics
  10 iron trolls
  29 sixfirhies
  2 quicksilver dragon simulacra (Abyss:1)
  3 shadow demons
  3 storm dragon skeletons
  36 spatial maelstroms
  12 unseen horrors
  A sea snake (shapeshifter) (Vaults:5)
  8 sea snakes
  6 wizards
  30 deep trolls
  9 flayed ghosts
  The ghost of nefhilion the Spear-Bearer, a novice DsGl of Ru (D:9)
  An anaconda zombie (Abyss:1)
  7 hill giants
  22 glowing orange brains
  An unseen horror (shapeshifter) (D:15)
  32 deep elf archers
  A hill giant (shapeshifter) (Vaults:5)
  7 naga ritualists
  19 ironbrand convokers
  A shadow dragon zombie (Abyss:1)
  5 lindwurms
  A harpy (shapeshifter) (Abyss:1)
  14 necromancers
  3 wolf spider zombies
  23 harpies
  2 anaconda skeletons
  12 phantasmal warriors
  An iron dragon zombie (Depths:2)
  100 deep elf magi
  An orb spider (Abyss:1)
  A sphinx zombie (Depths:3)
  12 mana vipers
  A shadow dragon skeleton (Abyss:1)
  2 golden dragon skeletons
  15 orc sorcerers
  3 wolf spiders
  2 stone giant zombies (Depths:2)
  A shining eye (Abyss:1)
  20 orc knights
  A manticore (shapeshifter) (Vaults:5)
  2 frost giant zombies
  3 oklob plants (Lair:5)
  17 salamanders
  An orb spider (shapeshifter) (Elf:3)
  8 cyclopes
  8 fauns (Shoals:2)
  40 worldbinders
  2 fire giant zombies
  58 ugly things
  15 manticores
  A sphinx skeleton (Depths:2)
  4 frost giant skeletons
  A guardian serpent (shapeshifter) (Depths:3)
  2 centaur zombies
  13 sirens
  An iron dragon skeleton (Abyss:1)
  15 elephants
  17 vault sentinels
  A fire giant skeleton (Vaults:2)
  A molten gargoyle (Desolation)
  A stone giant skeleton (Crypt:3)
  Joseph (D:7)
  2 black mambas (shapeshifter)
  5 rust devils (Abyss:1)
  3 dire elephant zombies (Abyss:1)
  A titan simulacrum (Abyss:1)
  18 apocalypse crabs
  76 smoke demons
  8 water nymphs
  30 orange demons
  27 naga magi
  32 black mambas
  4 kobold demonologists
  An eye of devastation (Abyss:1)
  2 shock serpent skeletons (Abyss:1)
  An ice statue (IceCv)
  A dire elephant skeleton (Crypt:1)
  21 guardian serpents
  7 hellions
  2 torpor snails
  2 spiny frogs (shapeshifter)
  6 komodo dragons
  8 spiny frogs
  26 efreet
  7 centaur skeletons
  26 freezing wraiths
  237 small abominations
  A mottled draconian zombie (Crypt:1)
  74 yaktaurs
  2 rime drakes
  A komodo dragon (shapeshifter) (Abyss:1)
  24 hellwings
  2 rime drakes (shapeshifter)
  An alligator snapping turtle skeleton (Crypt:2)
  3 tormentors
  7 demonic crawlers
  A ghost moth simulacrum (Abyss:1)
  An anaconda simulacrum (Abyss:2)
  3 jumping spiders (Vaults:1)
  5 ice devils (Abyss:1)
  69 ancient zymes
  2 guardian mummies (Crypt:3)
  2 silent spectres
  A tengu conjurer (Depths:2)
  11 trolls
  2 queen bees (shapeshifter)
  24 merfolk
  A meliai (shapeshifter) (Vaults:5)
  A mottled draconian skeleton (Abyss:1)
  3 red devils
  147 raiju
  2 jumping spiders (shapeshifter)
  A shadow dragon simulacrum (Depths:2)
  7 hornets
  18 two-headed ogres
  A harpy skeleton (Abyss:2)
  A polar bear (Lair:4)
  An iron dragon simulacrum (Abyss:3)
  3 wolf spider simulacra
  4 wind drakes
  A polar bear (shapeshifter) (Vaults:2)
  40 blink frogs
  3 bog bodies
  A hippogriff (shapeshifter) (Abyss:1)
  A wind drake (shapeshifter) (Vaults:1)
  21 hippogriffs
  52 saltlings (Desolation)
  2 blink frogs (shapeshifter) (Abyss:1)
  A raiju (shapeshifter) (Abyss:1)
  A stone giant simulacrum (Vaults:1)
  An alligator zombie (Crypt:3)
  51 slime creatures
  3 ice dragon zombies
  A frost giant simulacrum (Abyss:2)
  4 dream sheep (Lair:6)
  A fire dragon zombie (Abyss:2)
  6 air elementals
  6 snapping turtles
  25 flying skulls
  2 ettin skeletons (Abyss:1)
  2 spriggan skeletons
  417 starcursed masses
  2 spriggans (shapeshifter)
  A spriggan (D:14)
  3 redbacks
  25 water elementals
  4 shadows
  5 wyverns
  45 yaks
  7 vampires
  22 wraiths
  75 ynoxinuls
  2 ice dragon skeletons
  A dire elephant simulacrum (Crypt:3)
  7 fire elementals
  2 hogs (D:15)
  2 ushabtiu (Crypt:3)
  20 humans
  2 black mamba skeletons
  5 basilisks
  25 fire bats
  4 golden eyes (shapeshifter)
  15 golden eyes
  A hog (shapeshifter) (Abyss:1)
  A human (shapeshifter) (Abyss:2)
  A wind drake zombie (Crypt:1)
  47 neqoxecs
  12 vampire mosquitoes
  A death yak simulacrum (IceCv)
  An elf simulacrum (Depths:4)
  5 hungry ghosts
  3 mottled dragons
  47 chaos spawn
  6 wargs
  68 spatial vortices
  13 insubstantial wisps
  The ghost of CountDeLaPain the Conjurer, an amateur OpCj (D:3)
  A soldier ant (D:13)
  36 nagas
  A hell hound (shapeshifter) (D:14)
  Duvessa (D:4)
  2 floating eyes
  30 hell hounds
  An infernal demonspawn skeleton (Crypt:3)
  A swamp drake (shapeshifter) (Vaults:5)
  7 porcupines
  A spiny frog zombie (Abyss:2)
  12 water moccasins
  A water moccasin (shapeshifter) (D:15)
  A black bear (shapeshifter) (Abyss:1)
  A human zombie (Vaults:2)
  A manticore zombie (Abyss:1)
  A hornet zombie (D:10)
  12 ice beasts
  52 orc warriors
  10 sky beasts
  6 phantoms
  7 eyes of draining
  3 necrophages
  25 boggarts
  2 wolves (D:9)
  14 centaurs
  4 ettin simulacra
  A manticore skeleton (Crypt:1)
  A dream sheep zombie (Crypt:3)
  62 ogres
  A torpor snail zombie (Crypt:2)
  2 snapping turtle skeletons
  12 crocodiles
  A big kobold (Abyss:1)
  A draconian zombie (Crypt:2)
  15 bullfrogs
  10 earth elementals
  A cyclops zombie (Depths:2)
  A water moccasin zombie (D:11)
  2 troll zombies
  Dowan (D:4)
  An orc simulacrum (Vaults:1)
  14 killer bees
  2 snapping turtle simulacra (Abyss:1)
  A swamp dragon simulacrum (Abyss:1)
  6 howler monkeys
  26 wights
  9 electric eels
  5 lava snakes
  12 crimson imps
  A draconian simulacrum (IceCv)
  A human simulacrum (Vaults:3)
  29 quasits
  Crazy Yiuf (D:6)
  7 jellies
  24 orc priests
  A bullfrog skeleton (D:6)
  14 hounds
  32 iron imps
  A demonspawn skeleton (Crypt:3)
  2 human skeletons
  5 iguanas
  A black bear skeleton (Crypt:1)
  36 orc wizards
  9 troll simulacra (IceCv)
  6 hell rats (Lair:4)
  4 spriggan simulacra
  6 worker ants
  A polar bear simulacrum (IceCv)
  A porcupine skeleton (Crypt:3)
  A wolf simulacrum (IceCv)
  2 killer bee zombies
  A felid zombie (Crypt:1)
  3 centaur simulacra (IceCv)
  A naga skeleton (Abyss:1)
  2 hound skeletons
  A hell rat zombie (Crypt:1)
  10 adders
  4 gnolls (D:6)
  3 naga simulacra (IceCv)
  2 ogre simulacra (IceCv)
  8 shadow imps
  73 white imps
  37 ufetubi
  4 adder zombies
  An iguana skeleton (Crypt:2)
  A lava snake skeleton (Crypt:1)
  3 worms
  4 dart slugs
  5 leopard geckos
  141 orcs
  2 ball pythons
  4 giant cockroaches
  6 goblins
  4 hobgoblins
  25 jackals
  7 quokkas
  2 bats
  2 frilled lizards
  A giant cockroach zombie (D:5)
  2 jackal skeletons (D:6)
  6 kobolds
  A kobold simulacrum (Abyss:1)
  2 quokka zombies (D:5)
  5 rats
  A rat zombie (Crypt:2)
  3 butterflies
  A crawling corpse (Vaults:5)
  4 lurking horrors
  8 plants
  93 starspawn tentacles
  6 withered plants (Crypt:3)
5546 creatures vanquished.

Vanquished Creatures (collateral kills)
  An ancient lich (Abyss:1)
  8 bone dragons (Abyss:1)
  2 profane servitors (Abyss:1)
  3 hellephants
  4 liches
  2 tentacled monstrosities (Abyss:1)
  A titan (Abyss:1)
  An Executioner (Abyss:2)
  22 tentacled starspawn
  2 balrugs
  2 draconian scorchers (Abyss:1)
  A draconian zealot (Abyss:1)
  A ghost moth (Abyss:1)
  An angel (Abyss:1)
  A cacodemon (Abyss:1)
  7 very ugly things (Abyss:1)
  A reaper (Abyss:1)
  2 stone giants
  A lorocyproca (Abyss:1)
  2 blizzard demons (Abyss:1)
  5 rakshasas (Abyss:1)
  A great orb of eyes (Abyss:1)
  A naga warrior (Abyss:1)
  A vampire mage (Crypt:3)
  5 hell hogs (Abyss:1)
  11 thrashing horrors
  13 wretched stars
  A soul eater (Abyss:1)
  7 spatial maelstroms (Abyss:1)
  A skeletal warrior (Crypt:3)
  6 sixfirhies
  2 sun demons (Abyss:1)
  An unseen horror (Abyss:1)
  A storm dragon skeleton (Crypt:3)
  4 glowing orange brains
  2 shadow demons (Abyss:1)
  A flayed ghost (Abyss:2)
  A deep elf archer (Abyss:1)
  A death drake (Abyss:1)
  A hill giant (shapeshifter) (Abyss:1)
  An orc sorcerer (Abyss:1)
  A frost giant zombie (Abyss:2)
  A deep elf mage (Abyss:1)
  An ugly thing (Abyss:1)
  10 worldbinders
  2 rust devils (Abyss:2)
  A guardian serpent (Abyss:2)
  10 smoke demons
  An eye of devastation (Abyss:3)
  2 apocalypse crabs
  2 naga magi
  5 orange demons
  2 tormentors
  4 freezing wraiths
  An ice devil (Abyss:1)
  2 efreet (Abyss:1)
  An anaconda simulacrum (Abyss:2)
  2 hellwings (Abyss:1)
  10 ancient zymes (Abyss:1)
  A hydra zombie (Crypt:3)
  A red devil (Abyss:2)
  A silent spectre (Abyss:1)
  25 raiju
  37 large abominations
  4 blink frogs (Abyss:1)
  2 slime creatures (Abyss:1)
  5 flying skulls (Abyss:1)
  2 fire dragon skeletons
  4 wraiths
  2 vampires (Abyss:1)
  11 ynoxinuls
  2 fire bats
  2 golden eyes (Abyss:1)
  6 chaos spawn (Abyss:1)
  11 neqoxecs
  18 spatial vortices (Abyss:1)
  A naga (Abyss:1)
  3 insubstantial wisps (Abyss:1)
  7 hell hounds (Abyss:1)
  A necrophage (Crypt:3)
  3 sky beasts
  35 small abominations
  2 eyes of draining
  A black bear (shapeshifter) (Abyss:1)
  A shapeshifter zombie (Crypt:3)
  A wight (Abyss:3)
  A crimson imp (Abyss:1)
  62 starcursed masses
  7 quasits (Abyss:1)
  A jelly (Abyss:1)
  7 iron imps
  A shadow imp (Abyss:1)
  7 white imps (Abyss:1)
  9 ufetubi
  16 starspawn tentacles
490 creatures vanquished.

Vanquished Creatures (others)
  Nikola (Elf:2)
  A titan (Abyss:1)
  A yaktaur captain (Vaults:5)
  A wretched star (Abyss:1)
  2 hell hogs (Abyss:1)
  An ironbrand convoker (Vaults:3)
  A necromancer (D:13)
  A salamander (Snake:2)
  A naga mage (Abyss:1)
  A two-headed ogre (Vaults:5)
  2 large abominations
  A human (D:15)
  A chaos spawn (Abyss:2)
  6 small abominations
  An orc warrior (Vaults:5)
  A swamp dragon zombie (Abyss:2)
  A necrophage (Crypt:1)
  2 ogres
  4 boggarts
  A starcursed mass (Abyss:2)
  A jelly (Abyss:3)
  A white imp (Abyss:1)
  5 fungi
  17 lurking horrors
  14 plants
  180 starspawn tentacles
249 creatures vanquished.

Grand Total: 6285 creatures vanquished

Notes
Turn   | Place    | Note
-------+----------+-------------------------------------------
     0 | D:1      | bmwyatt74 the Minotaur Fighter began the quest for the Orb.
     0 | D:1      | Reached XP level 1. HP: 19/19 MP: 0/0
   642 | D:1      | Reached XP level 2. HP: 27/27 MP: 1/1
  1125 | D:2      | Reached XP level 3. HP: 27/33 MP: 2/2
  1864 | D:3      | Reached XP level 4. HP: 40/41 MP: 3/3
  1883 | D:3      | Noticed CountDeLaPain's ghost (amateur OpCj)
  1890 | D:3      | Found Zin's Purification Station.
  1890 | D:3      | Found a glowing silver altar of Zin.
  1987 | D:3      | Killed CountDeLaPain's ghost
  1987 | D:3      | Reached skill level 5 in Fighting
  1987 | D:3      | Reached skill level 5 in Long Blades
  1987 | D:3      | Reached XP level 5. HP: 20/48 MP: 4/4
  2446 | D:3      | Found a burning altar of Makhleb.
  2447 | D:3      | Found a shimmering altar of Xom.
  2813 | D:4      | Noticed an ogre
  2820 | D:4      | Killed an ogre
  2820 | D:4      | Reached XP level 6. HP: 55/56 MP: 5/5
  3026 | D:4      | Found Uhedghounk's Food Emporium.
  3132 | D:4      | Reached XP level 7. HP: 55/62 MP: 6/6
  3281 | D:4      | Noticed Dowan
  3282 | D:4      | Noticed Duvessa
  3419 | D:4      | Killed Dowan
  3447 | D:4      | Killed Duvessa
  3653 | D:5      | Entered Level 5 of the Dungeon
  4385 | D:6      | Reached skill level 10 in Long Blades
  4386 | D:6      | Reached XP level 8. HP: 68/70 MP: 7/7
  4745 | D:6      | Found a runed door.
  4806 | D:6      | Found an ancient bone altar of Kikubaaqudgha.
  4868 | D:6      | Found a sparkling altar of Nemelex Xobeh.
  4883 | D:6      | Reached skill level 1 in Dodging
  4885 | D:6      | Found a radiant altar of Vehumet.
  5269 | D:6      | Noticed Crazy Yiuf
  5271 | D:6      | Killed Crazy Yiuf
  5419 | D:7      | Found a staircase to the Ecumenical Temple.
  5466 | D:7      | Reached XP level 9. HP: 50/79 MP: 8/8
  5516 | Temple   | Entered the Ecumenical Temple
  5579 | Temple   | Became a worshipper of Warmaster Okawaru
  6070 | D:7      | Noticed Joseph
  6082 | D:7      | Killed Joseph
  6082 | D:7      | Reached * piety under Okawaru
  6507 | D:8      | Found a sacrificial altar of Ru.
  6765 | D:8      | Noticed a green ugly thing
  6777 | D:8      | Killed a green ugly thing
  6777 | D:8      | Reached ** piety under Okawaru
  6777 | D:8      | Reached skill level 5 in Dodging
  6929 | D:8      | Reached XP level 10. HP: 67/91 MP: 9/9
  7249 | D:9      | Noticed nefhilion's ghost (novice DsGl)
  7263 | D:9      | Killed nefhilion's ghost
  7630 | D:8      | Reached *** piety under Okawaru
  8185 | D:9      | Found Uwko's Jewellery Boutique.
  8199 | D:9      | Bought the ring "Ushuam" {rPois rC++ rN+ Dex-2 Stlth-} for 579 gold pieces
  8213 | D:9      | Reached skill level 1 in Invocations
  8687 | D:9      | Found a staircase to the Lair.
  8934 | D:9      | Reached skill level 10 in Fighting
  8946 | D:9      | Reached skill level 1 in Stealth
  9500 | Lair:1   | Entered Level 1 of the Lair of Beasts
 10155 | D:10     | Entered Level 10 of the Dungeon
 10402 | D:10     | Reached skill level 15 in Long Blades
 10428 | D:10     | Reached **** piety under Okawaru
 10502 | D:10     | Reached XP level 11. HP: 96/101 MP: 11/11
 10896 | D:11     | Noticed a purple ugly thing
 10915 | D:11     | Killed a purple ugly thing
 11151 | D:11     | Noticed a purple ugly thing
 11168 | D:11     | Killed a purple ugly thing
 11358 | D:11     | Noticed a death knight
 11387 | D:11     | Killed a death knight
 11391 | D:11     | Reached ***** piety under Okawaru
 11413 | D:11     | Noticed a white ugly thing
 11420 | D:11     | Killed a white ugly thing
 11798 | D:11     | Noticed a purple ugly thing
 11812 | D:11     | Killed a purple ugly thing
 12487 | D:12     | Got an encrusted leather armour
 12503 | D:12     | Identified the +2 leather armour of the Moon {*Slow MR+ Int+3 Dex+3} (You found it on level 12 of the Dungeon)
 13358 | D:12     | Found a staircase to the Orcish Mines.
 13578 | D:13     | Received a gift from Okawaru
 13578 | D:13     | Reached XP level 12. HP: 112/113 MP: 13/13
 13638 | D:13     | Found a frozen archway.
 13688 | IceCv    | Entered an ice cave
 14517 | IceCv    | Found an ancient bone altar of Kikubaaqudgha.
 15093 | D:13     | Reached skill level 5 in Invocations
 15198 | D:13     | Got a crude crystal plate armour {god gift}
 15209 | D:13     | Identified the +7 crystal plate armour of Sunlight {rElec} (Okawaru gifted it to you on level 13 of the Dungeon)
 15225 | D:13     | Noticed a centaur warrior
 15239 | D:13     | Killed a centaur warrior
 15430 | D:13     | Reached skill level 5 in Armour
 15654 | D:13     | Found a gate to the Vaults.
 15654 | D:13     | Noticed a vault guard
 15654 | D:13     | Noticed a vault guard
 15654 | D:13     | Noticed a vault guard
 15661 | D:13     | Killed a vault guard
 15675 | D:13     | Killed a vault guard
 15675 | D:13     | Reached XP level 13. HP: 72/124 MP: 7/15
 16016 | D:13     | Received a gift from Okawaru
 16046 | D:13     | Got an iridescent falchion {god gift}
 16047 | D:13     | Identified the +7 falchion of Ineited {speed, Stlth+} (Okawaru gifted it to you on level 13 of the Dungeon)
 16472 | D:14     | Noticed Yackwabbit's ghost (journeyman MiFi)
 16476 | D:14     | Reached skill level 10 in Armour
 16520 | D:14     | Killed Yackwabbit's ghost
 16766 | D:14     | Found Irec's Book Emporium.
 17268 | D:15     | Entered Level 15 of the Dungeon
 17278 | D:15     | Received a gift from Okawaru
 17471 | D:15     | Received a gift from Okawaru
 17482 | D:15     | Got a brightly glowing arbalest {god gift}
 17484 | D:15     | Identified the +5 arbalest of Uwoibber {speed, rC++ Str-4} (Okawaru gifted it to you on level 15 of the Dungeon)
 18111 | D:15     | Reached XP level 14. HP: 112/132 MP: 16/16
 18143 | D:15     | Noticed Kirke
 18153 | D:15     | Killed Kirke
 18153 | D:15     | Received a gift from Okawaru
 18440 | D:15     | Found a staircase to the Depths.
 19665 | Lair:2   | Noticed Sonja
 19681 | Lair:2   | Killed Sonja
 19865 | Lair:2   | Got a steaming robe
 19876 | Lair:2   | Identified the +2 robe "Puenez" {Slay+6} (You found it on level 2 of the Lair of Beasts)
 19998 | Lair:2   | Noticed Urug
 20015 | Lair:2   | Killed Urug
 20438 | Lair:3   | Found a staircase to the Shoals.
 20523 | Lair:3   | Noticed Fannar
 20543 | Lair:3   | Killed Fannar
 21446 | Lair:3   | Reached ****** piety under Okawaru
 21548 | Lair:4   | Received a gift from Okawaru
 21615 | Lair:4   | Found a staircase to the Snake Pit.
 22096 | Lair:4   | Reached XP level 15. HP: 138/138 MP: 17/17
 22936 | Lair:5   | Found a staircase to the Slime Pits.
 23010 | Lair:6   | Entered Level 6 of the Lair of Beasts
 23071 | Lair:6   | Received a gift from Okawaru
 24830 | Orc:1    | Entered Level 1 of the Orcish Mines
 24834 | Orc:1    | Paralysed by an orc sorcerer for 3 turns
 24938 | Orc:1    | Noticed Josephine
 24941 | Orc:1    | Noticed Gastronok
 24949 | Orc:1    | Killed Josephine
 24957 | Orc:1    | Killed Gastronok
 24999 | Orc:1    | Identified a scroll of acquirement
 25172 | Orc:2    | Entered Level 2 of the Orcish Mines
 25187 | Orc:2    | Found a staircase to the Elven Halls.
 25196 | Orc:2    | Noticed anubisbafoobis's ghost (journeyman DsBe)
 25217 | Orc:2    | Killed anubisbafoobis's ghost
 25489 | Orc:2    | Noticed an orc warlord
 25545 | Orc:2    | Killed an orc warlord
 25545 | Orc:2    | Received a gift from Okawaru
 25742 | Orc:2    | Found Colupaw's General Store.
 25796 | Orc:2    | Found Baappoaxt's Antique Armour Boutique.
 25796 | Orc:2    | Found Hunudom's Antique Weapon Boutique.
 25798 | Orc:2    | Found Sigru's Jewellery Shop.
 25820 | Orc:2    | Bought a spiked plate armour for 980 gold pieces
 25856 | Orc:2    | Identified the +8 plate armour of Syndicalism {Str+5} (You bought it in a shop on level 2 of the Orcish Mines)
 26020 | Orc:2    | Bought a scroll of identify for 20 gold pieces
 26389 | Snake:1  | Entered Level 1 of the Snake Pit
 26422 | Snake:1  | Reached XP level 16. HP: 115/146 MP: 18/18
 26502 | Snake:1  | Received a gift from Okawaru
 26830 | Snake:1  | You fall through a shaft!
 27185 | Snake:2  | Noticed Azrael
 27193 | Snake:2  | Killed Azrael
 27259 | Snake:2  | Received a gift from Okawaru
 27391 | Snake:2  | Received a gift from Okawaru
 27451 | Snake:2  | Noticed Roxanne
 27463 | Snake:2  | Killed Roxanne
 28428 | Snake:3  | Reached skill level 15 in Armour
 28444 | Snake:3  | Received a gift from Okawaru
 29261 | Snake:4  | Entered Level 4 of the Snake Pit
 29292 | Snake:4  | Reached XP level 17. HP: 152/152 MP: 16/19
 29708 | Snake:4  | Received a gift from Okawaru
 29959 | Snake:4  | Received a gift from Okawaru
 30021 | Snake:4  | Got a serpentine rune of Zot
 30164 | Snake:4  | Got a fine hat {god gift}
 30175 | Snake:4  | Identified the +0 hat of Relativism {Str+2 Dex+3} (Okawaru gifted it to you on level 4 of the Snake Pit)
 30262 | Snake:4  | Got a vibrating granite ring
 30752 | Lair:4   | Identified the ring of the Prince {Fire rElec Dex+2 Stlth+} (You took it off a naga on level 4 of the Snake Pit)
 30799 | Shoals:1 | Entered Level 1 of the Shoals
 30976 | Shoals:1 | Found Honkia's Antique Armour Boutique.
 30993 | Shoals:1 | Bought the +0 mask of the Dragon {MR+ Slay+3 SInv} for 1035 gold pieces
 31046 | Shoals:1 | Found Ofyoniwn's Antique Armour Emporium.
 31139 | Shoals:1 | Found Ynaaqap's General Store.
 31140 | Shoals:1 | Found Ocliapsa's Antique Weapon Boutique.
 31156 | Shoals:1 | Bought a scroll of enchant weapon for 120 gold pieces
 31167 | Shoals:1 | Found Viastroy's Antique Armour Boutique.
 31273 | Shoals:1 | Reached XP level 18. HP: 160/160 MP: 18/20
 31896 | Shoals:2 | Received a gift from Okawaru
 32015 | Shoals:2 | Noticed Polyphemus
 32027 | Shoals:2 | Killed Polyphemus
 32653 | Shoals:3 | Noticed Jorgrun
 32666 | Shoals:3 | Killed Jorgrun
 32957 | Shoals:3 | Noticed Louise
 32966 | Shoals:3 | Killed Louise
 33439 | Shoals:4 | Entered Level 4 of the Shoals
 33439 | Shoals:4 | Found Yleogode's Food Emporium.
 33488 | Shoals:4 | Received a gift from Okawaru
 33492 | Shoals:4 | Reached skill level 1 in Evocations
 33518 | Shoals:4 | Noticed Ilsuiw
 33544 | Shoals:4 | Killed Ilsuiw
 33573 | Shoals:4 | Got a brightly glowing plate armour {god gift}
 33698 | Shoals:4 | Gained mutation: You are dopey. (Int -2) [potion of mutation]
 33698 | Shoals:4 | Gained mutation: You are partially covered in molten scales. (AC +2) [potion of mutation]
 33698 | Shoals:4 | Gained mutation: You are partially covered in iridescent scales. (AC +2) [potion of mutation]
 33699 | Shoals:4 | Lost mutation: You are partially covered in molten scales. (AC +2) [potion of mutation]
 33699 | Shoals:4 | Gained mutation: You are resistant to hostile enchantments. (MR+) [potion of mutation]
 33700 | Shoals:4 | Gained mutation: You expend magic power (3 MP) to strengthen your wands. [potion of mutation]
 33700 | Shoals:4 | Gained mutation: You are very dopey. (Int -4) [potion of mutation]
 33700 | Shoals:4 | Gained mutation: You tend to lose your temper in combat. [potion of mutation]
 33701 | Shoals:4 | Lost mutation: You tend to lose your temper in combat. [potion of mutation]
 33702 | Shoals:4 | Gained mutation: You possess an exceptional clarity of mind. [potion of mutation]
 33702 | Shoals:4 | Gained mutation: You have large cloven feet. [potion of mutation]
 33707 | Shoals:4 | Identified the +5 plate armour "Ulemez" {rF+ MR+ Str+2 Dex-5} (Okawaru gifted it to you on level 4 of the Shoals)
 33927 | Shoals:4 | Got a barnacled rune of Zot
 33960 | Shoals:4 | Got an encrusted cloak
 33971 | Shoals:4 | Identified the +2 cloak of Zubaer {rN+ Int+4 Dex+4} (You found it on level 4 of the Shoals)
 35020 | Elf:1    | Entered Level 1 of the Elven Halls
 35116 | Elf:1    | Received a gift from Okawaru
 35116 | Elf:1    | Reached XP level 19. HP: 108/167 MP: 21/21
 35382 | Elf:1    | Received a gift from Okawaru
 35397 | Elf:1    | Got a crude robe {god gift}
 35409 | Elf:1    | Identified the +0 robe "Tumoak" {rC+ rN+ Dex-3} (Okawaru gifted it to you on level 1 of the Elven Halls)
 35529 | Elf:1    | Found Linareaq's Distillery.
 36339 | Elf:2    | Found a runed gate.
 36339 | Elf:2    | Found a runed gate.
 36344 | Elf:2    | Found a runed gate.
 36813 | Elf:2    | Noticed Alethiolet's ghost (journeyman DsMo)
 36843 | Elf:2    | Killed Alethiolet's ghost
 36852 | Elf:2    | Noticed Nikola
 36869 | Elf:2    | Killed Nikola
 36976 | Elf:2    | Noticed Asterion
 36989 | Elf:2    | Killed Asterion
 36996 | Elf:2    | Received a gift from Okawaru
 37010 | Elf:2    | Got a bloodstained triple sword {god gift}
 37024 | Elf:2    | Identified the +6 triple sword "Gidase" {freeze, rC+ MR- Int+4 Dex+7} (Okawaru gifted it to you on level 2 of the Elven Halls)
 37255 | Elf:3    | Entered Level 3 of the Elven Halls
 38002 | Elf:3    | Received a gift from Okawaru
 38011 | Elf:3    | Got a distressingly furry hat {god gift}
 38022 | Elf:3    | Identified the +1 hat "Fataotud" {Str+2} (Okawaru gifted it to you on level 3 of the Elven Halls)
 38182 | Elf:3    | Reached XP level 20. HP: 174/174 MP: 18/22
 38566 | Elf:3    | Received a gift from Okawaru
 38587 | Elf:3    | Got an ancient double sword {god gift}
 38588 | Elf:3    | Identified the +3 double sword of Glory {elec, +Rage Dex-3 Stlth+} (Okawaru gifted it to you on level 3 of the Elven Halls)
 38596 | Elf:3    | Got a glittering golden amulet
 38596 | Elf:3    | Got a glittering bone ring
 38694 | Elf:3    | Got a shimmering lead ring
 38700 | Elf:3    | Identified Miesowu's Grimoire of Contamination and Transmigration
 38706 | Elf:3    | Identified the amulet of the Gastropod {Faith MR+ Str+4} (You took it off a deep elf master archer on level 3 of the Elven Halls)
 38709 | Elf:3    | Identified the ring of the Eight Ships {rElec rN+ Int-3 Dex+3} (You took it off a deep elf blademaster on level 3 of the Elven Halls)
 38713 | Elf:3    | Identified the cursed ring "Yteste" {*Slow +Fly rElec AC-2} (You took it off a deep elf master archer on level 3 of the Elven Halls)
 38727 | Elf:3    | Got a sparkling copper ring
 38742 | Elf:3    | Got a heavily runed bronze ring
 38821 | Elf:3    | Lost intelligence.
 38821 | Elf:3    | Identified the ring "Yzeaw" {MR+ Int-5 Dex+5 Stlth+} (You found it on level 3 of the Elven Halls)
 38828 | Elf:3    | Identified the ring of the Curious Beds {rF- Int+3 Dex+2 Stlth-} (You found it on level 3 of the Elven Halls)
 38852 | Elf:3    | Got a scorched shortbow
 38853 | Elf:3    | Identified the cursed +1 shortbow of Compulsion {velocity, rF+ rN+} (You found it on level 3 of the Elven Halls)
 39585 | Vaults:1 | Entered Level 1 of the Vaults
 40042 | Vaults:1 | Got a transparent leather armour
 40320 | Vaults:1 | Got a pitted rapier
 40415 | Vaults:1 | Received a gift from Okawaru
 41113 | Vaults:2 | Received a gift from Okawaru
 41282 | Vaults:2 | Identified the +1 leather armour "Itied" {Dex+5} (You found it on level 1 of the Vaults)
 41423 | Vaults:2 | Reached XP level 21. HP: 181/181 MP: 21/23
 41795 | Vaults:2 | You fall through a shaft for 2 floors!
 41917 | Vaults:4 | Noticed Aizul
 41929 | Vaults:4 | Killed Aizul
 41929 | Vaults:4 | Reached skill level 27 in Long Blades
 42065 | Vaults:4 | Found a ruined gateway.
 42077 | Desolati | Entered the Desolation of Salt
 42417 | Desolati | Reached skill level 15 in Fighting
 42425 | Desolati | Received a gift from Okawaru
 42432 | Desolati | Identified the +8 rapier "Liopnab" {venom, rPois rC+} (You found it on level 1 of the Vaults)
 42679 | Desolati | Identified the Volume of Lethal Intoxication
 42690 | Desolati | Got a twitching amber ring
 42697 | Desolati | Identified the ring "Peosaf" {rElec rPois} (You found it in the Desolation of Salt)
 42870 | Desolati | Identified the Incunabulum of Helpful Attacks
 42898 | Desolati | Identified Tuphuduam's Disquisition on Earthen Transmutation
 43074 | Desolati | Reached skill level 27 in Armour
 43166 | Desolati | Identified Moyxacude's Volume of Companions and Clay
 43216 | Desolati | Got an iridescent whip
 43867 | Vaults:4 | Found a gateway to a bazaar.
 43874 | Bazaar   | Entered a bazaar
 43874 | Bazaar   | Found Vatt's Magic Scroll Emporium.
 43874 | Bazaar   | Found Wenlat's General Store.
 43874 | Bazaar   | Found Ujum's Jewellery Emporium.
 43874 | Bazaar   | Found Syopt's Distillery.
 43901 | Bazaar   | Bought the ring of the Gloaming {rCorr rN++ Dex+4 SInv Stlth+} for 423 gold pieces
 43906 | Bazaar   | Bought a scroll of enchant armour for 105 gold pieces
 43906 | Bazaar   | Bought a scroll of enchant weapon for 105 gold pieces
 43908 | Bazaar   | Bought a scroll of enchant weapon for 82 gold pieces
 43934 | Vaults:4 | Reached skill level 10 in Dodging
 43970 | Vaults:4 | Received a gift from Okawaru
 44754 | Vaults:5 | Entered Level 5 of the Vaults
 44965 | Vaults:3 | Found a staircase to the Crypt.
 44965 | Vaults:3 | Found an ancient bone altar of Kikubaaqudgha.
 44966 | Vaults:3 | Found a basalt altar of Yredelemnul.
 45104 | Vaults:3 | Reached XP level 22. HP: 200/200 MP: 22/24
 45889 | Vaults:3 | Received a gift from Okawaru
 46401 | Depths:1 | Entered Level 1 of the Depths
 46512 | Depths:1 | Found Nidduac's Food Shoppe.
 46522 | Depths:1 | Bought a beef jerky for 21 gold pieces
 46522 | Depths:1 | Bought a beef jerky for 21 gold pieces
 46522 | Depths:1 | Bought a beef jerky for 21 gold pieces
 46522 | Depths:1 | Found Ifol's Antique Armour Emporium.
 46619 | Depths:1 | Found a gateway to Hell.
 46905 | Depths:1 | Received a gift from Okawaru
 47108 | Depths:1 | Found a portal to a secret trove of treasure.
 47215 | Depths:1 | Noticed Mara
 47216 | Depths:1 | Noticed bmwyatt74's illusion
 47237 | Depths:1 | Killed Mara
 47476 | Depths:1 | Received a gift from Okawaru
 47488 | Depths:1 | Got an iridescent triple sword {god gift}
 47502 | Depths:1 | Identified the +0 triple sword "Minotaur's Doom" {freeze, rF+ Int+4} (Okawaru gifted it to you on level 1 of the Depths)
 47653 | Depths:2 | Reached XP level 23. HP: 198/220 MP: 21/25
 47837 | Depths:2 | Received a gift from Okawaru
 47854 | Depths:2 | Noticed Endobalistic's ghost (veteran HuMo)
 47869 | Depths:2 | Killed Endobalistic's ghost
 48248 | Depths:2 | Received a gift from Okawaru
 48537 | Depths:2 | Noticed Saint Roka
 48547 | Depths:2 | Killed Saint Roka
 48663 | Depths:2 | Noticed a juggernaut
 48673 | Depths:2 | Killed a juggernaut
 49115 | Depths:3 | Noticed Mennas
 49141 | Depths:3 | Killed Mennas
 49167 | Depths:3 | Found a one-way gate leading to the halls of Pandemonium.
 49168 | Depths:3 | Noticed Jory
 49177 | Depths:3 | Killed Jory
 49284 | Depths:3 | Received a gift from Okawaru
 49404 | Depths:3 | Noticed Sojobo
 49412 | Depths:3 | Killed Sojobo
 49439 | Depths:3 | Found a gateway to a ziggurat.
 49833 | Depths:3 | Noticed Bai Suzhen
 49847 | Depths:3 | Killed Bai Suzhen
 50035 | Depths:3 | Reached XP level 24. HP: 238/238 MP: 20/25
 50740 | Depths:4 | Received a gift from Okawaru
 50747 | Depths:4 | Got a crude great sword {god gift}
 50748 | Depths:4 | Identified the +3 great sword of the Extremes {vamp, rC+ MR+ Stlth+} (Okawaru gifted it to you on level 4 of the Depths)
 50857 | Depths:4 | Found a one-way gate to the infinite horrors of the Abyss.
 50954 | Depths:3 | Got a pitted chain mail {god gift}
 50974 | Depths:4 | Identified the +8 chain mail of the Mind {+Blink rC+ Regen+} (Okawaru gifted it to you on level 3 of the Depths)
 51282 | Depths:4 | Got a spiked leather armour
 51293 | Depths:4 | Identified the +0 leather armour of a bailey {+Fly Str+4 Slay-4} (You found it on level 4 of the Depths)
 51984 | Depths:5 | Entered Level 5 of the Depths
 52079 | Depths:5 | Received a gift from Okawaru
 52105 | Depths:5 | Received a gift from Okawaru
 52116 | Depths:5 | Got a translucent ring mail {god gift}
 52149 | Depths:5 | Identified the +0 ring mail "Jef Deaf" {rElec rPois Str-5 Int+6} (Okawaru gifted it to you on level 5 of the Depths)
 52326 | Depths:5 | Noticed a juggernaut
 52340 | Depths:5 | Killed a juggernaut
 52785 | Depths:5 | Found a gate to the Realm of Zot.
 53250 | Depths:5 | Paralysed by a floating eye for 3 turns
 53261 | Depths:5 | Reached skill level 15 in Dodging
 53262 | Depths:5 | Reached XP level 25. HP: 255/255 MP: 23/25
 53474 | Depths:1 | Received a gift from Okawaru
 53711 | Vaults:5 | Noticed an ancient lich
 53721 | Vaults:5 | Killed an ancient lich
 53721 | Vaults:5 | Reached skill level 27 in Fighting
 53771 | Vaults:5 | Reached skill level 1 in Unarmed Combat
 53779 | Vaults:5 | Received a gift from Okawaru
 53817 | Vaults:5 | Reached skill level 1 in Throwing
 53830 | Vaults:5 | Received a gift from Okawaru
 53853 | Vaults:5 | Noticed an ancient lich
 53862 | Vaults:5 | Killed an ancient lich
 53897 | Vaults:5 | Reached skill level 1 in Spellcasting
 53950 | Vaults:5 | Received a gift from Okawaru
 53975 | Vaults:5 | Received a gift from Okawaru
 53975 | Vaults:5 | Reached XP level 26. HP: 245/266 MP: 3/25
 54445 | Vaults:5 | Got a flickering steel ring
 54645 | Vaults:5 | Got a glittering silver ring
 54691 | Vaults:5 | Got a silver rune of Zot
 54992 | Vaults:5 | Got a wavering platinum amulet
 55009 | Vaults:5 | Identified the amulet of Xom's Entertainment {Faith -Tele rPois rF++} (You took it off a yaktaur on level 5 of the Vaults)
 55012 | Vaults:5 | Identified the cursed ring "Ygeffoz" {rElec MR- Int+7 Dex-3 Stlth-} (You found it on level 5 of the Vaults)
 55014 | Vaults:5 | Identified the ring of the Swan {Fire rElec rPois Str+4 Dex+3} (You found it on level 5 of the Vaults)
 55026 | Vaults:5 | Learned a level 5 spell: Excruciating Wounds
 55147 | Vaults:5 | Got an encrusted long sword
 55153 | Vaults:5 | Identified the +10 long sword "Utraell" {antimagic, *Slow rPois Int+4} (You found it on level 5 of the Vaults)
 55413 | Vaults:5 | Learned a level 6 spell: Deflect Missiles
 55496 | Vaults:5 | Got a twisted chain mail
 55541 | Vaults:5 | Got a faintly glowing ring mail {god gift}
 55552 | Vaults:5 | Identified the +0 chain mail "Docurchal" {+Fly rF+ MR+ Dex+2} (You found it on level 5 of the Vaults)
 55573 | Vaults:5 | Identified the +8 ring mail "Fyjaob" {rElec Int+2} (Okawaru gifted it to you on level 5 of the Vaults)
 56768 | Elf:3    | Learned a level 2 spell: Repel Missiles
 56771 | Elf:3    | Learned a level 2 spell: Blink
 57565 | Shoals:4 | Learned a level 2 spell: Shroud of Golubria
 57568 | Shoals:4 | Learned a level 2 spell: Song of Slaying
 57572 | Shoals:4 | Learned a level 3 spell: Regeneration
 58355 | Temple   | Fell from the grace of Okawaru
 58355 | Temple   | Became a worshipper of the Shining One
 58541 | Crypt:1  | Entered Level 1 of the Crypt
 58649 | Crypt:1  | Reached * piety under the Shining One
 58867 | Crypt:1  | Reached ** piety under the Shining One
 58884 | Crypt:1  | Noticed Frederick
 58891 | Crypt:1  | Killed Frederick
 59058 | Crypt:1  | Found a basalt altar of Yredelemnul.
 59086 | Crypt:1  | Noticed Boris
 59094 | Crypt:1  | Killed Boris
 59273 | Crypt:1  | Reached *** piety under the Shining One
 59701 | Crypt:2  | Reached **** piety under the Shining One
 59901 | Crypt:2  | Reached ***** piety under the Shining One
 60399 | Crypt:3  | Entered Level 3 of the Crypt
 60524 | Crypt:3  | Reached ****** piety under the Shining One
 60562 | Crypt:3  | Identified a +9 triple sword of holy wrath (a +9 triple sword of venom blessed by the Shining One)
 60562 | Crypt:3  | Received a gift from the Shining One
 60861 | Crypt:3  | Found a staircase to the Tomb.
 61031 | Crypt:3  | Reached skill level 10 in Invocations
 61042 | Crypt:3  | Reached XP level 27. HP: 259/273 MP: 29/29
 61270 | Crypt:3  | Found an ancient bone altar of Kikubaaqudgha.
 61273 | Crypt:3  | Found a basalt altar of Yredelemnul.
 61275 | Crypt:3  | Identified Borgnjor's Compendium of Stolen Souls
 61394 | Crypt:3  | Got an iridescent short sword
 61533 | Crypt:3  | Got a smoking cloak
 61544 | Crypt:3  | Got a fabulously ornate robe
 61602 | Crypt:3  | Identified the +1 cloak "Taurouki" {rElec rC- MR+ Stlth+} (You found it on level 3 of the Crypt)
 61622 | Crypt:3  | Identified the +1 robe "Kiack" {rN+} (You found it on level 3 of the Crypt)
 62841 | Depths:4 | Voluntarily entered the Abyss.
 64122 | Abyss:1  | Paralysed by accursed screaming for 1 turns
 64132 | Abyss:1  | Paralysed by accursed screaming for 2 turns
 64157 | Abyss:1  | Paralysed by accursed screaming for 1 turns
 64530 | Abyss:1  | Reached skill level 1 in Charms
 64535 | Abyss:1  | Reached skill level 1 in Necromancy
 64590 | Abyss:1  | Paralysed by accursed screaming for 1 turns
 64738 | Abyss:1  | Found a shimmering altar of Xom.
 65000 | Abyss:1  | Noticed an ancient lich
 65009 | Abyss:1  | Killed an ancient lich
 65235 | Abyss:2  | Found a corrupted altar of Lugonu.
 65403 | Abyss:2  | Reached skill level 1 in Translocations
 65696 | Abyss:2  | Was forgiven by Okawaru
 65710 | Abyss:2  | Paralysed by accursed screaming for 1 turns
 65717 | Abyss:2  | Paralysed by accursed screaming for 1 turns
 66059 | Abyss:2  | Found a corrupted altar of Lugonu.
 66074 | Abyss:2  | Found a corrupted altar of Lugonu.
 66090 | Abyss:2  | Found a corrupted altar of Lugonu.
 66518 | Abyss:2  | Reached skill level 5 in Translocations
 66614 | Abyss:2  | Lost mutation: You are resistant to hostile enchantments. (MR+) [a neqoxec]
 67018 | Abyss:2  | Gained mutation: You are weak. (Str -2) [a neqoxec]
 67297 | Depths:4 | Escaped the Abyss
 67396 | Depths:1 | Bought a meat ration for 70 gold pieces
 67396 | Depths:1 | Bought a meat ration for 70 gold pieces
 67396 | Depths:1 | Bought a meat ration for 70 gold pieces
 67396 | Depths:1 | Bought a bread ration for 70 gold pieces
 67396 | Depths:1 | Bought a bread ration for 70 gold pieces
 67396 | Depths:1 | Bought a meat ration for 70 gold pieces
 67396 | Depths:1 | Bought a meat ration for 70 gold pieces
 67396 | Depths:1 | Bought a meat ration for 70 gold pieces
 67582 | Vaults:1 | Lost mutation: You are very dopey. (Int -4) [mutagenic meat]
 67583 | Vaults:1 | Gained mutation: You passively map a small area around you. [mutagenic meat]
 67584 | Vaults:1 | Gained mutation: You evolve. [mutagenic meat]
 67585 | Vaults:1 | Gained mutation: You are surrounded by a mild repulsion field. (EV +2) [mutagenic meat]
 67760 | Vaults:5 | Learned a level 9 spell: Tornado
 68009 | Shoals:1 | Bought a beef jerky for 24 gold pieces
 68009 | Shoals:1 | Bought a royal jelly for 32 gold pieces
 68009 | Shoals:1 | Bought a potion of heal wounds for 80 gold pieces
 68009 | Shoals:1 | Bought a meat ration for 80 gold pieces
 68053 | Shoals:4 | Bought a bread ration for 70 gold pieces
 68053 | Shoals:4 | Bought a beef jerky for 21 gold pieces
 68053 | Shoals:4 | Bought a bread ration for 70 gold pieces
 68053 | Shoals:4 | Bought a slice of pizza for 21 gold pieces
 68053 | Shoals:4 | Bought a meat ration for 70 gold pieces
 68053 | Shoals:4 | Bought a bread ration for 70 gold pieces
 68053 | Shoals:4 | Bought a bread ration for 70 gold pieces
 68053 | Shoals:4 | Bought a meat ration for 70 gold pieces
 68053 | Shoals:4 | Bought a bread ration for 70 gold pieces
 68053 | Shoals:4 | Bought a bread ration for 70 gold pieces
 68053 | Shoals:4 | Bought a beef jerky for 21 gold pieces
 68053 | Shoals:4 | Bought a meat ration for 70 gold pieces
 68053 | Shoals:4 | Bought a meat ration for 70 gold pieces
 68053 | Shoals:4 | Bought a bread ration for 70 gold pieces
 68053 | Shoals:4 | Bought a beef jerky for 21 gold pieces
 68569 | Orc:2    | Gained mutation: You are partially covered in large bone plates. (SH +4) [evolution]
 68739 | D:4      | Bought a meat ration for 55 gold pieces
 68739 | D:4      | Bought a meat ration for 55 gold pieces
 68739 | D:4      | Bought a meat ration for 55 gold pieces
 68739 | D:4      | Bought a meat ration for 55 gold pieces
 68739 | D:4      | Bought a bread ration for 55 gold pieces
 68739 | D:4      | Bought a beef jerky for 16 gold pieces
 68739 | D:4      | Bought 2 fruits for 33 gold pieces
 68739 | D:4      | Bought a beef jerky for 16 gold pieces
 68739 | D:4      | Bought a bread ration for 55 gold pieces
 68739 | D:4      | Bought a meat ration for 55 gold pieces
 68739 | D:4      | Bought a slice of pizza for 16 gold pieces
 68739 | D:4      | Bought a royal jelly for 22 gold pieces
 68739 | D:4      | Bought a slice of pizza for 16 gold pieces
 68739 | D:4      | Bought a royal jelly for 22 gold pieces
 69838 | Depths:1 | You paid a toll of a +6 demon trident to enter a treasure trove
 69839 | Trove    | Entered a treasure trove
 69878 | Trove    | Got a brightly glowing short sword
 69879 | Trove    | Identified the cursed +0 short sword of the Inquisitive Dances {pierce, rC+} (You found it in a treasure trove)
 69883 | Trove    | Got an encrusted great sword
 69884 | Trove    | Identified the +10 great sword of the Establishment {slice, rElec rN+} (You found it in a treasure trove)
 69887 | Trove    | Got an ancient double sword
 69888 | Trove    | Identified the +8 double sword of Doom {flame, Int+2} (You found it in a treasure trove)
 69915 | Trove    | Got a transparent scimitar
 69916 | Trove    | Identified the +2 scimitar of Sicelonk {protect, Dex+3 SInv} (You found it in a treasure trove)
 69938 | Trove    | Got an ichor-stained mace
 69939 | Trove    | Identified the +1 mace "Iqenn" {holy, rC+} (You found it in a treasure trove)
 70132 | Depths:4 | Voluntarily entered the Abyss.
 70132 | Abyss:1  | Found a corrupted altar of Lugonu.
 70330 | Abyss:1  | Gained mutation: Your spells are a little easier to cast, but a little less powerful. [a shining eye]
 70335 | Abyss:1  | Gained mutation: You are frail. (-10% HP) [a shining eye]
 70579 | Abyss:1  | Found a corrupted altar of Lugonu.
 70858 | Abyss:1  | Gained mutation: Your spells are easier to cast, but less powerful. [a neqoxec]
 70910 | Abyss:1  | Lost mutation: You are very weak. (Str -4) [potion of cure mutation]
 70910 | Abyss:1  | Lost mutation: You are extremely frail. (-30% HP) [potion of cure mutation]
 70910 | Abyss:1  | Lost mutation: You expend magic power (3 MP) to strengthen your wands. [potion of cure mutation]
 70910 | Abyss:1  | Lost mutation: You evolve. [potion of cure mutation]
 70910 | Abyss:1  | Lost mutation: You possess an exceptional clarity of mind. [potion of cure mutation]
 70922 | Depths:4 | Escaped the Abyss
 71620 | Depths:4 | Voluntarily entered the Abyss.
 72343 | Abyss:1  | Found a corrupted altar of Lugonu.
 72364 | Abyss:1  | Found a corrupted altar of Lugonu.
 72970 | Abyss:1  | Reached skill level 10 in Translocations
 73134 | Abyss:1  | Gained mutation: Scrolls take you a little longer to read. [a neqoxec]
 73887 | Abyss:1  | Paralysed by a lich for 6 turns
 74064 | Abyss:1  | Gained mutation: You are clumsy. (Dex -2) [a neqoxec]
 75030 | Abyss:1  | Reached skill level 27 in Dodging
 75039 | Abyss:1  | Reached skill level 1 in Air Magic
 75207 | Abyss:1  | Noticed an ancient lich
 75215 | Abyss:1  | Killed an ancient lich
 75443 | Abyss:1  | Reached skill level 5 in Air Magic
 75606 | Abyss:1  | Was placed under penance by the Shining One
 75615 | Abyss:1  | Gained mutation: Armour fits poorly on your strangely shaped body. [a neqoxec]
 75955 | Abyss:1  | Paralysed by accursed screaming for 1 turns
 76287 | Abyss:1  | Was forgiven by the Shining One
 76423 | Depths:4 | Escaped the Abyss
 76424 | Depths:4 | Lost mutation: You are dopey. (Int -2) [potion of mutation]
 76424 | Depths:4 | Gained mutation: You are weak. (Str -2) [potion of mutation]
 76425 | Depths:4 | Lost mutation: You are clumsy. (Dex -2) [potion of cure mutation]
 76425 | Depths:4 | Lost mutation: Scrolls take you a little longer to read. [potion of cure mutation]
 76425 | Depths:4 | Lost mutation: You are surrounded by a mild repulsion field. (EV +2) [potion of cure mutation]
 76425 | Depths:4 | Lost mutation: You have large cloven feet. [potion of cure mutation]
 76425 | Depths:4 | Lost mutation: You are partially covered in iridescent scales. (AC +2) [potion of cure mutation]
 76448 | Depths:4 | Voluntarily entered the Abyss.
 76450 | Abyss:1  | Found a corrupted altar of Lugonu.
 76542 | Abyss:1  | Found a corrupted altar of Lugonu.
 76973 | Abyss:1  | Found a basalt altar of Yredelemnul.
 77459 | Abyss:1  | Reached skill level 10 in Air Magic
 77664 | Abyss:1  | Paralysed by accursed screaming for 1 turns
 77670 | Abyss:1  | Paralysed by accursed screaming for 1 turns
 77687 | Depths:4 | Escaped the Abyss
 78030 | Depths:4 | Voluntarily entered the Abyss.
 78322 | Abyss:1  | Gained mutation: You tend to lose your temper in combat. [mutagenic glow]
 78665 | Abyss:1  | Gained mutation: Your spells are much easier to cast, but much less powerful. [a neqoxec]
 78947 | Depths:4 | Escaped the Abyss
 78949 | Depths:4 | Voluntarily entered the Abyss.
 79020 | Depths:4 | Escaped the Abyss
 79023 | Depths:4 | Voluntarily entered the Abyss.
 79023 | Abyss:1  | Found a corrupted altar of Lugonu.
 79080 | Abyss:1  | Gained mutation: Potions and wands are less effective at restoring your health. [mutagenic glow]
 79306 | Abyss:1  | Gained mutation: Your body sometimes deteriorates upon taking damage. [a neqoxec]
 79515 | Abyss:1  | Found a basalt altar of Yredelemnul.
 79652 | Abyss:1  | Found a corrupted altar of Lugonu.
 79830 | Abyss:1  | Got a vibrating bronze ring
 79831 | Abyss:1  | Identified the ring of Propriety {rF++ SInv} (You found it on level 1 of the Abyss)
 79909 | Abyss:1  | Found a stormy altar of Qazlal.
 80439 | Abyss:1  | Identified the Almanac of Captivating Slavery
 80643 | Abyss:1  | Found a snail-covered altar of Cheibriados.
 80937 | Depths:4 | Escaped the Abyss
 80939 | Depths:4 | Voluntarily entered the Abyss.
 81011 | Abyss:1  | Found a corrupted altar of Lugonu.
 81432 | Abyss:1  | Identified the Grimoire of Sinister Execration
 81624 | Abyss:1  | Found a corrupted altar of Lugonu.
 81722 | Abyss:1  | Reached skill level 15 in Air Magic
 82475 | Abyss:1  | Paralysed by accursed screaming for 1 turns
 82481 | Abyss:1  | Paralysed by accursed screaming for 2 turns
 82490 | Abyss:1  | Paralysed by accursed screaming for 2 turns
 82743 | Abyss:1  | Paralysed by accursed screaming for 2 turns
 84367 | Abyss:1  | Paralysed by accursed screaming for 1 turns
 84450 | Abyss:1  | Gained mutation: You are very weak. (Str -4) [a neqoxec]
 84472 | Abyss:1  | Gained mutation: Your body often deteriorates upon taking damage. [a neqoxec]
 84755 | Depths:4 | Escaped the Abyss
 84757 | Depths:4 | Voluntarily entered the Abyss.
 85305 | Abyss:1  | Found a corrupted altar of Lugonu.
 85529 | Abyss:1  | Found a corrupted altar of Lugonu.
 85695 | Abyss:1  | Found a corrupted altar of Lugonu.
 85895 | Abyss:1  | Got a glittering lead ring
 86347 | Abyss:1  | Gained mutation: You expend magic power (3 MP) to strengthen your wands. [a neqoxec]
 86390 | Abyss:1  | Paralysed by accursed screaming for 1 turns
 86696 | Abyss:1  | Found a radiant altar of Vehumet.
 86843 | Depths:4 | Escaped the Abyss
 86845 | Depths:4 | Voluntarily entered the Abyss.
 86888 | Abyss:1  | Found a corrupted altar of Lugonu.
 87131 | Abyss:1  | Found a corrupted altar of Lugonu.
 87264 | Abyss:1  | Paralysed by accursed screaming for 1 turns
 87365 | Abyss:1  | Found a deep blue altar of Sif Muna.
 87732 | Abyss:1  | Gained mutation: You are clumsy. (Dex -2) [a neqoxec]
 87733 | Abyss:1  | Gained mutation: Scrolls take you a little longer to read. [a neqoxec]
 88114 | Abyss:1  | Gained mutation: Scrolls take you longer to read. [a neqoxec]
 88313 | Abyss:1  | Identified the ring "Kaphed" {Int+2 Stlth+} (You took it off an iron imp on level 1 of the Abyss)
 88457 | Abyss:1  | Paralysed by accursed screaming for 1 turns
 88692 | Abyss:1  | Paralysed by accursed screaming for 1 turns
 89043 | Abyss:1  | Paralysed by accursed screaming for 1 turns
 89817 | Abyss:1  | Paralysed by accursed screaming for 1 turns
 90161 | Abyss:1  | Paralysed by accursed screaming for 2 turns
 90679 | Abyss:1  | Found a corrupted altar of Lugonu.
 91238 | Abyss:1  | Gained mutation: Scrolls take you much longer to read. [a neqoxec]
 91674 | Abyss:1  | Found a bloodstained altar of Trog.
 91860 | Abyss:1  | Noticed an ancient lich
 91862 | Abyss:1  | Killed an ancient lich
 92433 | Abyss:1  | Paralysed by accursed screaming for 1 turns
 92709 | Abyss:1  | Paralysed by a great orb of eyes for 7 turns
 92930 | Abyss:1  | Found a corrupted altar of Lugonu.
 94379 | Abyss:1  | Paralysed by accursed screaming for 1 turns
 94789 | Abyss:1  | Paralysed by accursed screaming for 1 turns
 94809 | Abyss:1  | Got an iridescent hand crossbow
 94822 | Abyss:1  | Identified the +8 hand crossbow "Wilug" {venom, rN+ Dex+5} (You found it on level 1 of the Abyss)
 95752 | Abyss:1  | Paralysed by accursed screaming for 2 turns
 96439 | Abyss:2  | Paralysed by accursed screaming for 1 turns
 96976 | Abyss:2  | Paralysed by accursed screaming for 1 turns
 97831 | Abyss:2  | Found a corrupted altar of Lugonu.
 98110 | Abyss:2  | Gained mutation: You occasionally shout uncontrollably at your foes. [mutagenic glow]
 98171 | Abyss:2  | Gained mutation: Your magical capacity is low. (-10% MP) [mutagenic glow]
 98967 | Abyss:2  | Gained mutation: You are frail. (-10% HP) [a neqoxec]
 99218 | Abyss:2  | Found a corrupted altar of Lugonu.
 99303 | Abyss:2  | Found a corrupted altar of Lugonu.
 99535 | Abyss:2  | Paralysed by you for 4 turns
 99667 | Abyss:2  | Paralysed by accursed screaming for 2 turns
 99757 | Abyss:2  | Found a corrupted altar of Lugonu.
100078 | Abyss:2  | Gained mutation: Potions and wands are poor at restoring your health. [mutagenic glow]
100102 | Abyss:2  | Gained mutation: You are very frail. (-20% HP) [mutagenic glow]
100127 | Abyss:2  | Gained mutation: You are extremely frail. (-30% HP) [mutagenic glow]
100173 | Abyss:2  | Gained mutation: Your magical capacity is very low. (-20% MP) [a cacodemon]
100239 | Abyss:3  | Gained mutation: You are dopey. (Int -2) [a neqoxec]
100253 | Abyss:3  | Paralysed by accursed screaming for 2 turns
100548 | Abyss:3  | Found a viscous altar of Jiyva.
100712 | Abyss:3  | Fell from the grace of the Shining One
100712 | Abyss:3  | Became a worshipper of Jiyva Jysatib the Shapeless
100733 | Abyss:3  | HP: 8/286 [daeva/divine providence[the player character] (11)]
100739 | Abyss:3  | HP: 3/286 [daeva/scimitar of holy wrath[the player character] (3)]
100741 | Abyss:3  | Killed from afar by a daeva

Skill      XL: |  1  2  3  4  5  6  7  8  9 10 11 12 13 14 15 16 17 18 19 20 21 22 23 24 25 26 27 |
---------------+----------------------------------------------------------------------------------+-----
Fighting       | 4 5 6 7 9 10 12 14 17 21 24 26 27 | 27.0
Long Blades    | 3 4 5 6 8 10 12 13 15 16 20 23 24 26 27 | 27.0
Dodging        | 2 5 6 8 9 10 12 13 15 19 22 27 | 27.0
Invocations    | 2 3 5 10 13 | 13.6
Stealth        | 1 2 |  2.1
Armour         | 7 14 15 20 23 25 26 27 | 27.0
Evocations     | 1 |  1.3
Unarmed Combat | 2 |  2.8
Throwing       | 2 |  2.7
Spellcasting   | 1 |  1.9
Charms         | 2 |  2.9
Necromancy     | 3 |  3.0
Translocations | 10 | 10.3
Air Magic      | 25 | 25.5
Crossbows      | |  0.2
Shields        | |  3.6

Action                   |  1- 3 |  4- 6 |  7- 9 | 10-12 | 13-15 | 16-18 | 19-21 | 22-24 | 25-27 || total
-------------------------+-------+-------+-------+-------+-------+-------+-------+-------+-------++-------
Melee: Long sword        |    80 |   120 |   371 |   968 |   277 |       |       |       |       ||  1816
       Headbutt          |    14 |    24 |    95 |   230 |   340 |   317 |   436 |   534 |  1935 ||  3925
       Falchion          |       |       |       |       |   194 |       |       |       |       ||   194
       Triple sword      |       |       |       |       |   870 |  1323 |  1284 |  1413 |  5924 || 10814
 Cast: Shroud of Golubri |       |       |       |       |       |       |       |       |     3 ||     3
       Repel Missiles    |       |       |       |       |       |       |       |       |     2 ||     2
Invok: Heroism           |       |       |       |    38 |    33 |    41 |    61 |    54 |     7 ||   234
       Finesse           |       |       |       |     6 |    10 |    13 |     8 |    12 |     4 ||    53
       Divine Shield     |       |       |       |       |       |       |       |       |   106 ||   106
       Summon Divine War |       |       |       |       |       |       |       |       |   194 ||   194
       Cleansing Flame   |       |       |       |       |       |       |       |       |    11 ||    11
       Brand Weapon With |       |       |       |       |       |       |       |       |     1 ||     1
 Abil: Evoke Flight      |       |       |       |       |     2 |     1 |       |       |       ||     3
  Use: Scroll            |       |       |    16 |     6 |    14 |    13 |    10 |     8 |    33 ||   100
       Potion            |       |       |       |     3 |       |     6 |     4 |       |    22 ||    35
 Stab: Petrified         |       |       |       |       |     1 |     2 |       |       |       ||     3
       Distracted        |       |       |       |       |       |       |       |       |     2 ||     2
       Petrifying        |       |       |       |       |       |       |       |       |     1 ||     1
  Eat: Chunk             |     3 |     4 |    13 |    17 |    32 |    28 |    24 |    19 |    27 ||   167
       Bread ration      |       |       |       |     1 |       |       |     3 |       |     9 ||    13
       Meat ration       |       |       |       |     1 |     1 |       |     1 |     1 |    12 ||    16
       Fruit             |       |       |       |     3 |    10 |       |       |     4 |    54 ||    71
       Pizza             |       |       |       |       |     3 |       |     5 |       |     7 ||    15
       Beef jerky        |       |       |       |       |       |     1 |       |       |    19 ||    20
       Royal jelly       |       |       |       |       |       |       |     1 |       |     5 ||     6
Armor: Scale mail        |    21 |       |       |       |       |       |       |       |       ||    21
       Chain mail        |    18 |    55 |   127 |     7 |       |       |       |       |       ||   207
       Plate armour      |       |       |       |   307 |       |    61 |       |       |       ||   368
       Crystal plate arm |       |       |       |    80 |   982 |  1121 |   803 |   844 |  2116 ||  5946
       Ring mail         |       |       |       |       |     1 |       |       |       |       ||     1
Dodge: Dodged            |    26 |    17 |   127 |   293 |   490 |   727 |   666 |   924 |  4241 ||  7511
       Deflected         |       |       |       |       |       |       |       |       |     4 ||     4
Block: Shield            |    26 |    45 |   182 |   485 |   191 |       |       |       |       ||   929
       Other             |       |       |       |       |       |       |       |       |  1075 ||  1075
       Rpst.: Long sword |     9 |     5 |    25 |    60 |    17 |       |       |       |       ||   116
       Triple sword      |       |       |       |       |    78 |   124 |   163 |   138 |   859 ||  1362
       Falchion          |       |       |       |       |     5 |       |       |       |       ||     5
